 Dungeon Crawl Stone Soup version 0.19-a0-36-g4a0968a (webtiles) character file.

1324 M4edhros the Martial Artist (level 8, -2/47 HPs)
             Began as an Octopode Necromancer on May 3, 2016.
             Was an Initiate of Cheibriados.
             Slain by Joseph
             ... wielding a +4 quarterstaff of draining
              (17 damage)
             ... on level 7 of the Dungeon.
             The game lasted 00:16:38 (2966 turns).

M4edhros the Martial Artist (Octopode Necromancer)  Turns: 2966, Time: 00:16:38

Health: -2/47      AC:  2    Str:  8    XL:     8   Next: 60%
Magic:  3/11       EV: 18    Int: 19    God:    Cheibriados [......]
Gold:   358        SH:  0    Dex: 18    Spells: 3 memorised, 6 levels left

rFire  + . .     SeeInvis .       - Unarmed
rCold  . . .     Gourm    .     (no shield)
rNeg   . . .     Faith    .     (helmet restricted)
rPois  .         Spirit   .     (no amulet)
rElec  .         Dismiss  .     n - ring of protection from fire (curse)
rCorr  .         Reflect  .     m - ring of stealth
SustAt .         Harm     .     z - ring of wizardry
MR     .....                    (no ring)
Stlth  +++++.....               (no ring)
                                (no ring)
                                (no ring)
                                (no ring)

@: agile, very slightly contaminated, drained, very slow, not resistant to
hostile enchantments, quite stealthy
A: almost no armour, amphibious, 8 rings, constrict 8, tentacle spike 1, molten
scales 1, camouflage 1, blurry vision 1, clumsy 1, wild magic 1, gelatinous body
1
a: Bend Time, Renounce Religion


You were on level 7 of the Dungeon.
You worshipped Cheibriados.
Cheibriados was noncommittal.
You were hungry.

You visited 2 branches of the dungeon, and saw 9 of its levels.

You collected 358 gold pieces.

Inventory:

Hand Weapons
 A - a +0 blowgun
Missiles
 e - 2 curare-tipped needles
 f - 6 tomahawks (quivered)
 w - a throwing net
 y - 38 poisoned needles
Jewellery
 d - an uncursed ring of ice
 m - a ring of stealth (right tentacle)
 n - a cursed ring of protection from fire (left tentacle)
 z - a ring of wizardry (on tentacle)
Wands
 l - a wand of digging (10/24)
 t - a wand of disintegration (15/24)
 u - a wand of confusion (22/48)
 C - a wand of slowing (11/48)
Scrolls
 h - a scroll of random uselessness
 j - a scroll of teleportation
 k - a scroll of blinking {unknown}
 o - a scroll of enchant weapon {unknown}
 q - 2 scrolls of fear
 v - a scroll of noise {unknown}
 x - a scroll of enchant armour {unknown}
Potions
 i - a potion of haste
 s - a potion of flight {unknown}
 B - a potion of cancellation {unknown}
Books
 a - a book of Necromancy

   Spells                             Type                      Level
   a - Pain                           Necromancy                   1
   b - Animate Skeleton               Necromancy                   1
   c - Vampiric Draining              Necromancy                   3
   d - Regeneration                   Charms/Necromancy            3
   e - Animate Dead                   Necromancy                   4
   f - Control Undead                 Necromancy                   4
Comestibles
 b - 2 bread rations
 c - 2 meat rations
 g - 3 slices of pizza
 p - 3 beef jerkies
 r - a royal jelly


   Skills:
 + Level 0.6(0.2) Fighting
 + Level 2.2(1.9) Dodging
 - Level 2.6(2.3) Stealth
 + Level 9.8(9.3) Unarmed Combat
 - Level 2.0(1.6) Spellcasting
 - Level 4.0(3.6) Necromancy
 * Level 1.8(1.4) Evocations


You had 6 spell levels left.
You knew the following spells:

 Your Spells              Type           Power        Failure   Level  Hunger
a - Pain                  Necr           ###.         3%          1    #......
b - Animate Skeleton      Necr           N/A          3%          1    #......
r - Regeneration          Chrm/Necr      ##........   16%         3    ###....


Dungeon Overview and Level Annotations

Branches:
Dungeon (8/15)             Temple (1/1) D:7
   Lair: D:8-11

Altars:
Cheibriados
Fedhas
Pakellas

Annotations:
D:7 Joseph, Prince Ribbit


Innate Abilities, Weirdness & Mutations

You cannot wear most types of armour.
You are amphibious.
You can wear up to eight rings at the same time.
You can use your tentacles to constrict eight enemies at once.
Your skin changes colour to match your surroundings (Stealth).
Your rubbery body absorbs attacks (AC +1).
One of your tentacles bears a spike.
You are partially covered in molten scales (AC +1).
Scrolls take you a little longer to read.
You are clumsy. (Dex -2)
Your spells are a little harder to cast, but a little more powerful.


Message History

Press: ? - help, Shift-Dir - straight line, f/p - Joseph
Aim: Joseph, wielding a hunting sling and wearing a ring mail (heavily wounded, slow, poisoned)
You shoot a curare-tipped needle.
The curare-tipped needle closely misses Joseph.
You are now empty-tentacled.
You tentacle-slap Joseph. Your grab misses Joseph.
You pierce Joseph, but do no damage.
Joseph is severely wounded.
Joseph unwields an uncursed hunting sling.
Joseph wields an uncursed quarterstaff of draining.
You sense an unholy aura.
Joseph hits you with an uncursed quarterstaff of draining!
You feel drained.
Drink which item? (? for menu, Esc to quit)
You feel agile all of a sudden.
You tentacle-slap Joseph. You grab Joseph.
You pierce Joseph, but do no damage.
Joseph is almost dead.
You constrict Joseph.
Joseph hits you with an uncursed quarterstaff of draining!
You die...

.. ..$............ # #5
g.....?.......#
#...##.####........)...
.......................
.......####(...........
#...####.(.........(...
... #(######......##
####.####(# #......#
.......@@.# #......#
...#.###### #......#
########


You could see Joseph.

Vanquished Creatures
  A sky beast (D:6)
  An ogre (D:5)
  A big kobold (D:8)
  A gnoll sergeant (D:6)
  5 giant frogs
  A water moccasin zombie (D:5)
  2 scorpions
  A howler monkey (D:6)
  A hound (D:4)
  A quasit (D:5)
  An orc wizard (D:6)
  6 worker ants
  A killer bee zombie (D:7)
  A hound zombie (D:6)
  2 hound skeletons
  A howler monkey zombie (D:7)
  6 adders
  5 gnolls
  3 adder zombies
  A worm (D:2)
  A giant gecko (D:6)
  8 orcs
  A giant cockroach (D:2)
  A goblin (D:1)
  6 hobgoblins
  4 jackals (D:3)
  A quokka (D:7)
  5 bats
  3 giant newts
  7 kobolds
  2 rats
  11 plants (D:1)
92 creatures vanquished.

Vanquished Creatures (collateral kills)
  A crimson imp (D:6)
  A hound skeleton (D:5)
  An adder skeleton (D:7)
  An orc (D:6)
4 creatures vanquished.

Grand Total: 96 creatures vanquished

Notes
Turn   | Place    | Note
--------------------------------------------------------------
     0 | D:1      | M4edhros the Octopode Necromancer began the quest for the Orb.
     0 | D:1      | Reached XP level 1. HP: 11/11 MP: 3/3
   555 | D:1      | Learned a level 1 spell: Animate Skeleton
   559 | D:1      | Reached skill level 1 in Unarmed Combat
   571 | D:1      | Reached XP level 2. HP: 9/17 MP: 0/5
   748 | D:2      | Reached skill level 2 in Unarmed Combat
   854 | D:3      | Reached XP level 3. HP: 9/21 MP: 1/6
   861 | D:2      | Learned a level 3 spell: Regeneration
  1019 | D:4      | Reached skill level 3 in Unarmed Combat
  1063 | D:4      | Reached XP level 4. HP: 16/27 MP: 1/7
  1095 | D:4      | Gained mutation: You are clumsy. (Dex -2) [potion of mutation]
  1095 | D:4      | Gained mutation: Scrolls take you a little longer to read. [potion of mutation]
  1095 | D:4      | Gained mutation: One of your tentacles bears a spike. [potion of mutation]
  1100 | D:4      | Reached skill level 4 in Unarmed Combat
  1101 | D:4      | Gained mutation: You are partially covered in molten scales (AC +1). [potion of mutation]
  1101 | D:4      | Gained mutation: Your spells are a little harder to cast, but a little more powerful. [potion of mutation]
  1214 | D:4      | Reached XP level 5. HP: 17/31 MP: 0/8
  1331 | D:4      | Reached skill level 5 in Unarmed Combat
  1430 | D:5      | Entered Level 5 of the Dungeon
  1430 | D:5      | Noticed an ogre
  1440 | D:5      | Killed an ogre
  1440 | D:5      | Reached skill level 6 in Unarmed Combat
  1440 | D:5      | Reached XP level 6. HP: 36/36 MP: 6/9
  1768 | D:5      | Reached skill level 7 in Unarmed Combat
  1768 | D:5      | Reached XP level 7. HP: 22/41 MP: 2/10
  1852 | D:6      | Reached skill level 8 in Unarmed Combat
  1915 | D:6      | Reached XP level 8. HP: 36/46 MP: 5/11
  1964 | D:6      | Found a blossoming altar of Fedhas.
  2057 | D:6      | Reached skill level 9 in Unarmed Combat
  2168 | D:7      | Noticed Joseph
  2236 | D:7      | Noticed Prince Ribbit
  2477 | D:7      | Found a staircase to the Ecumenical Temple.
  2481 | Temple   | Entered the Ecumenical Temple
  2511 | Temple   | Became a worshipper of Cheibriados the Contemplative
  2587 | D:6      | Reached skill level 1 in Evocations
  2966 | D:7      | Slain by Joseph

Vault maps used:
D:1:      elethiomel_arrival_shortcut, wad_woods_river_04
D:2:      ashenzari_altar_1
D:3:      first_bread, gammafunk_pakellas_cloud_experiment, uniq_sigmund
D:5:      roderic_nine_men_s_morris, kennysheep_generic_room_11
D:6:      old_standard_altar
D:7:      minmay_temple_entry_glassed_door, uniq_prince_ribbit1, uniq_menkaure,
          uniq_joseph
D:8:      kennysheep_ying_yang, grunt_lair_entry_orc_guard_hut
Temple:   minmay_temple_curvy_14

Skill      XL: |  1  2  3  4  5  6  7  8 |
---------------+-------------------------+-----
Unarmed Combat | 1 2 3 4 6 7 8 9 |  9.8
Evocations     | 1 |  1.8
Fighting       | |  0.6
Dodging        | |  2.2
Stealth        | |  2.6
Spellcasting   | |  2.0
Necromancy     | |  4.0

Action                   |  1- 3 |  4- 6 |  7- 9 || total
-------------------------+-------+-------+-------++-------
Melee: Unarmed           |   448 |    76 |   128 ||   652
       Tentacles         |   104 |     9 |    18 ||   131
       Constrict         |    25 |    11 |    27 ||    63
       Punch             |     4 |     2 |    12 ||    18
       Kick              |       |    19 |    26 ||    45
 Fire: Blowgun           |       |       |     6 ||     6
 Cast: Pain              |    19 |     9 |       ||    28
       Animate Skeleton  |     5 |     1 |    15 ||    21
       Regeneration      |     5 |    12 |    12 ||    29
Evoke: Wand              |       |     1 |     2 ||     3
  Use: Potion            |       |     8 |     3 ||    11
       Scroll            |       |     3 |     1 ||     4
 Stab: Sleeping          |       |     4 |     8 ||    12
       Confused          |       |       |     1 ||     1
  Eat: Chunk             |     3 |     2 |     7 ||    12
       Fruit             |       |     2 |       ||     2
Armor: Skin              |     2 |    16 |    18 ||    36
Dodge: Dodged            |    38 |    45 |    72 ||   155
